 Dungeon Crawl Stone Soup version 0.29-a0-11-ga75d3d97ab (webtiles) character file.

Game seed: 4101302552311059159

384 kae the Ruffian (level 6, 0/49 HPs)
             Began as a Draconian Transmuter on Jan 28, 2022.
             Slain by an ogre (25 damage)
             ... on level 5 of the Dungeon.
             The game lasted 00:03:47 (3750 turns).

kae the Ruffian (Draconian Transmuter)              Turns: 3750, Time: 00:03:47

Health: 0/49       AC:  2    Str: 13    XL:     6   Next: 47%
Magic:  7/10       EV: 19    Int: 15    God:
Gold:   74         SH:  5    Dex: 16    Spells: 2/10 levels left

rFire   . . .      SeeInvis .     - Unarmed
rCold   . . .      Faith    .   (shield currently unavailable)
rNeg    . . .      Spirit   .   (armour unavailable)
rPois   x          Reflect  +   (helmet currently unavailable)
rElec   .          Harm     .   (cloak currently unavailable)
rCorr   .          Rampage  .   (gloves currently unavailable)
Will    .....                   (boots currently unavailable)
Stlth   +.........              a - amulet of reflection
HPRegen 0.16/turn               (no ring)
MPRegen 0.12/turn               (no ring)

@: spider-form
A: venomous fangs, AC +6, tiny, unfitting armour, (cold-blooded)
a: End Transformation


You were on level 5 of the Dungeon.
You were a venomous arachnid creature.
You visited 1 branch of the dungeon, and saw 6 of its levels.

You collected 74 gold pieces.

Inventory:

Armour
 e - a +0 pair of gloves (melded)
 f - a +0 cloak (melded)
Jewellery
 a - an amulet of reflection (around neck)
Potions
 b - a potion of attraction
 c - a potion of heal wounds {unknown}
 d - 3 potions of curing {unknown}
 h - a potion of magic {unknown}


   Skills:
 + Level 2.3 Fighting
 + Level 2.4 Dodging
 * Level 4.4 Unarmed Combat
 + Level 2.7 Spellcasting
 * Level 3.9 Transmutations
 * Level 1.6 Ice Magic
 - Level 2.0 Poison Magic


You had 2 spell levels left.
You knew the following spells:

 Your Spells              Type           Power      Damage    Failure   Level
a - Beastly Appendage     Tmut           26%        N/A       13%         1
b - Spider Form           Tmut/Pois      10%        N/A       38%         3
c - Ice Form              Ice/Tmut       10%        N/A       75%         4

Your spell library contained the following spells:

 Spells                   Type           Power      Damage    Failure   Level
 Wereblood                Tmut           13%        N/A       17%         2
 Apportation              Tloc           4%         N/A       41%         1
 Alistair's Intoxication  Tmut/Pois      6%         N/A       95%         5


Dungeon Overview and Level Annotations

Branches:
Dungeon (6/15)
 Temple: D:4-7

Altars:
Vehumet
Xom


Innate Abilities, Weirdness & Mutations

You are a venomous arachnid creature.
You have poisonous fangs.
You are tiny and dextrous.
Your spellcasting is less reliable in this form.
Your armour is entirely melded.
You are incapable of wielding weapons or throwing items.
((Your plain brown scales are hard. (AC +6)))
You cannot fit into any form of body armour.
((You are cold-blooded and may be slowed by cold attacks.))


Message History

There is a stone staircase leading up here.
You start resting.
HP restored.
You climb upwards.
You hear the sound of rushing water.
There is an entrance to a sewer on this level.
Hurry and find it before the portal rusts away!
The ogre shouts!
Found 17 stones and a triangular cameo amulet.
There is a stone staircase leading down here.
You aren't carrying any scrolls.
Okay, then.
Okay, then.
Casting: Spider Form (dangerous; 19% risk of failure)
Confirm with . or Enter, or press ? or * to list all spells.
You turn into a venomous arachnid creature.
Your +0 cloak melds into your body.
Your +0 pair of gloves melds into your body.
The ogre misses you.
You hit the ogre.
The ogre is lightly wounded.
The ogre misses you.
You hit the ogre.
The ogre is poisoned.
The ogre is moderately wounded.
You hit the ogre.
The ogre looks as sick as possible!
The ogre is heavily wounded.
The ogre hits you with a +0 giant club.
You hit the ogre.
The ogre looks as sick as possible!
The ogre is severely wounded.
The ogre hits you with a +0 giant club!!
You hit the ogre.
The ogre looks as sick as possible!
The ogre is almost dead.
You kill the ogre!
You hit the ogre.
The ogre is poisoned.
The ogre is lightly wounded.
The ogre misses you.
You hit the ogre.
The ogre looks as sick as possible!
The ogre is moderately wounded.
The ogre hits you with a +0 giant club!!
Ouch! That really hurt!
You die...

### #s## ##
#O)#### ..##
#.....#### .....
#......."###(.....
#####..#O.>.......
##............
#.....####......
#.###..# ...... #.
##.# .....


You could see an ogre (extremely poisoned).

Vanquished Creatures
  An ogre (D:5)
  A kobold brigand (D:6)
  A hound (D:4)
  A centaur skeleton (D:6)
  An orc wizard (D:3)
  An adder (D:3)
  A white imp (D:3)
  A worm (D:2)
  4 dart slugs
  10 orcs
  8 ball pythons
  8 endoplasms
  6 giant cockroaches
  7 goblins
  15 hobgoblins
  13 jackals
  10 kobolds
  A quokka (D:1)
  7 bats
  2 frilled lizards
  3 rats
102 creatures vanquished.

Notes
Turn   | Place    | Note
-------+----------+-------------------------------------------
     0 | D:1      | kae the Draconian Transmuter began the quest for the Orb.
     0 | D:1      | Reached XP level 1. HP: 16/16 MP: 3/3
   167 | D:1      | Reached XP level 2. HP: 22/23 MP: 3/5
   610 | D:1      | Reached XP level 3. HP: 28/28 MP: 4/6
   614 | D:1      | Learned a level 3 spell: Spider Form
  1274 | D:2      | Reached XP level 4. HP: 32/35 MP: 7/7
  1646 | D:2      | Reached skill level 1 in Poison Magic
  1950 | D:2      | Found a shimmering altar of Xom.
  2805 | D:3      | Reached XP level 5. HP: 41/41 MP: 4/8
  2818 | D:3      | Learned a level 4 spell: Ice Form
  3397 | D:4      | Found a radiant altar of Vehumet.
  3447 | D:4      | Reached skill level 4 in Unarmed Combat
  3537 | D:4      | You fall into a shaft and drop 2 floors!
  3563 | D:6      | Reached skill level 1 in Ice Magic
  3563 | D:6      | Reached XP level 6. HP: 34/48 MP: 6/9
  3732 | D:5      | Entered Level 5 of the Dungeon
  3750 | D:5      | Slain by an ogre

Illustrated notes

Levels and vault maps discovered:
D:1:      scummos_arrival_forest, layout_basic
D:2:      layout_loops_ring, basic_altar, minivault_26
D:3:      layout_basic, grunt_ministairs_3, kennysheep_path_1
D:4:      layout_cave_pools, mainiacjoe_overflow_big_doors, serial_shops, shop
D:5:      layout_rooms, serial_shops, nicolae_shop_statue_plus,
          gup_sewer_entry_pipe
D:6:      layout_loops_corners, minmay_temple_entry_butterflies

Skill      XL: |  1  2  3  4  5 |
---------------+----------------+-----
Dodging        | 2 |  2.4
Poison Magic   | 1 2 |  2.0
Transmutations | 3 |  3.9
Unarmed Combat | 4 |  4.4
Fighting       | 2 |  2.3
Ice Magic      | 1 |  1.6
Spellcasting   | |  2.7

Action                   |  1- 3 |  4- 6 || total
-------------------------+-------+-------++-------
Melee: Unarmed           |   155 |   157 ||   312
       Tailslap          |    16 |    12 ||    28
       Kick              |    25 |    30 ||    55
       Headbutt          |    17 |     8 ||    25
       Punch             |     1 |     2 ||     3
 Cast: Beastly Appendage |    27 |    21 ||    48
       Spider Form       |       |     6 ||     6
  Use: Scroll            |     2 |     3 ||     5
Armor: Skin              |    50 |    47 ||    97
Dodge: Dodged            |   119 |    87 ||   206
Block: Other             |    31 |    33 ||    64

Table legend: (Time is in decaauts)
 A = Elapsed time spent in this place.
 B = Non-inter-level travel time spent in this place.
 C = Inter-level travel time spent in this place.
 D = Time resting spent in this place.
 E = Time spent auto-exploring this place.
 F = Levels seen in this place.
 G = Mean time per level.
                   A        B        C        D        E       F      G
               +--------+--------+--------+--------+--------+-----+--------+
         Total |   3731 |   3651 |     80 |    390 |   2465 |   6 |  621.8 |
       Dungeon |   3731 |   3651 |     80 |    390 |   2465 |   6 |  621.8 |
               +--------+--------+--------+--------+--------+-----+--------+

Top non-repeatable levels by time:
     D:3: 1298 daAuts
     D:1: 1036 daAuts
     D:2: 995 daAuts
     D:6: 192 daAuts
     D:4: 192 daAuts
     D:5: 17 daAuts
